| TOP OF THE 1ST |
|
Syracuse Chiefs batting - Pitching for Iowa Cubs : LHP Jose Urena
|
|
Pitching: LHP Jose Urena
|
|
|
Batting: RHB Dusty Ballard
|
0-0: Ball 1-0: Called Strike 1-1: Ball 2-1: Foul Ball, location: 2F 2-2: Ball 3-2: Strikes out swinging
|
|
Batting: RHB Hisayuki Akiyama
|
0-0: Foul Ball, location: 2F 0-1: Ball 1-1: Swinging Strike 1-2: Strikes out looking
|
|
Batting: LHB Alexis Cantu
|
0-0: Ball 1-0: Foul Ball, location: 2F 1-1: Called Strike 1-2: Strikes out swinging
|
| Top of the 1st over - 0 runs, 0 hits, 0 errors, 0 left on base; Syracuse 0 - Iowa 0 |
| BOTTOM OF THE 1ST |
|
Iowa Cubs batting - Pitching for Syracuse Chiefs : LHP Peni Keli'i
|
|
Pitching: LHP Peni Keli'i
|
|
|
Batting: RHB Brian Gargis
|
0-0: Called Strike 0-1: Ball 1-1: Foul Ball, location: 2F 1-2: Ball 2-2: Ball 3-2: Ground out 6-3 (Groundball, 6, EV 76.9 MPH)
|
|
Batting: RHB Frank Caulfield
|
0-0: Ball 1-0: SINGLE (Line Drive, 89M, EV 100.6 MPH)
|
|
Batting: RHB Ryan Walker
|
0-0: Called Strike 0-1: Called Strike 0-2: Ball 1-2: Foul Ball, location: 2F 1-2: Ball 2-2: Ball 3-2: Fly out, F3 (Popup, 34S, EV 74.4 MPH)
|
|
Batting: LHB Wing-tat Tai
|
0-0: Called Strike Frank Caulfield steals 2nd base 0-1: Called Strike 0-2: Foul Ball, location: 2F 0-2: Ground out 4-3 (Groundball, 4, EV 88.1 MPH)
|
| Bottom of the 1st over - 0 runs, 1 hit, 0 errors, 1 left on base; Syracuse 0 - Iowa 0 |
| TOP OF THE 2ND |
|
Syracuse Chiefs batting - Pitching for Iowa Cubs : LHP Jose Urena
|
|
Batting: RHB Stephen Charbonneau
|
0-0: Ball 1-0: Swinging Strike 1-1: Fly out, F9 (Line Drive, 89D, EV 95.0 MPH)
|
|
Batting: RHB Antonio Laurel
|
0-0: Called Strike 0-1: Ball 1-1: Swinging Strike 1-2: Ball 2-2: Strikes out swinging
|
|
Batting: LHB Jae-ik Soung
|
0-0: Foul Ball, location: 2F 0-1: Foul Ball, location: 2F 0-2: Ground out 4-3 (Groundball, 4, EV 107.5 MPH)
|
| Top of the 2nd over - 0 runs, 0 hits, 0 errors, 0 left on base; Syracuse 0 - Iowa 0 |
| BOTTOM OF THE 2ND |
|
Iowa Cubs batting - Pitching for Syracuse Chiefs : LHP Peni Keli'i
|
|
Batting: LHB Mark Ingram
|
0-0: Ball 1-0: Foul Ball, location: 2F 1-1: Fly out, F9 (Flyball, 9, EV 80.6 MPH)
|
|
Batting: RHB Brad Santanello
|
0-0: Ball 1-0: Ground out 6-3 (Groundball, 6, EV 100.6 MPH)
|
|
Batting: LHB Angel Oropeza
|
0-0: Swinging Strike 0-1: Ball 1-1: Foul Ball, location: 2F 1-2: Foul Ball, location: 2F 1-2: Ball 2-2: Fly out, F9 (Flyball, 89D, EV 100.6 MPH)
|
| Bottom of the 2nd over - 0 runs, 0 hits, 0 errors, 0 left on base; Syracuse 0 - Iowa 0 |
| TOP OF THE 3RD |
|
Syracuse Chiefs batting - Pitching for Iowa Cubs : LHP Jose Urena
|
|
Batting: RHB Ryan Hiemer
|
0-0: Ball 1-0: Swinging Strike 1-1: Foul Ball, location: 2F 1-2: Foul Ball, location: 2F 1-2: Ball 2-2: Foul Ball, location: 2F 2-2: Foul Ball, location: 2F 2-2: Foul Ball, location: 2F 2-2: Foul Ball, location: 2F 2-2: Ball 3-2: Foul Ball, location: 2F 3-2: Foul Ball, location: 2F 3-2: Fly out, F6 (Popup, P, EV 81.9 MPH)
|
|
Batting: RHB Bobby Bricker
|
0-0: Called Strike 0-1: Ball 1-1: Called Strike 1-2: Ball 2-2: Ball 3-2: Base on Balls
|
|
Batting: LHB Evan Oliveri
|
0-0: Ball 1-0: Ball 2-0: Swinging Strike 2-1: Ball 3-1: Called Strike 3-2: Foul Ball, location: 2F 3-2: SINGLE (Groundball, 34, EV 100.6 MPH) Bobby Bricker to second Runner from 2nd tries for 3rd, SAFE, throw by RF made to third
|
|
Batting: RHB Dusty Ballard
|
0-0: Ball 1-0: Swinging Strike 1-1: Swinging Strike 1-2: Strikes out looking
|
|
Batting: RHB Hisayuki Akiyama
|
0-0: Foul Ball, location: 2F 0-1: Swinging Strike 0-2: Ball 1-2: Fielders Choice at 2nd, 5-4 (Groundball, 56, EV 85.0 MPH)
|
| Top of the 3rd over - 0 runs, 1 hit, 0 errors, 2 left on base; Syracuse 0 - Iowa 0 |
| BOTTOM OF THE 3RD |
|
Iowa Cubs batting - Pitching for Syracuse Chiefs : LHP Peni Keli'i
|
|
Batting: RHB Ricardo Aguinaga
|
0-0: Called Strike 0-1: Swinging Strike 0-2: Ball 1-2: Ball 2-2: Foul Ball, location: 2F 2-2: Foul Ball, location: 2F 2-2: Strikes out swinging
|
|
Batting: SHB Karl Starnes
|
0-0: Called Strike 0-1: Ball 1-1: Called Strike 1-2: Ground out 5-3 (Groundball, 5, EV 82.5 MPH)
|
|
Batting: RHB Brian Gargis
|
0-0: Ground out 4-3 (Groundball, 4, EV 101.9 MPH)
|
| Bottom of the 3rd over - 0 runs, 0 hits, 0 errors, 0 left on base; Syracuse 0 - Iowa 0 |
| TOP OF THE 4TH |
|
Syracuse Chiefs batting - Pitching for Iowa Cubs : LHP Jose Urena
|
|
Batting: LHB Alexis Cantu
|
0-0: Ball 1-0: Foul Ball, location: 2F 1-1: Ground out 4-3 (Groundball, 4M, EV 91.9 MPH)
|
|
Batting: RHB Stephen Charbonneau
|
0-0: Ball 1-0: Ball 2-0: Ground out 5-3 (Groundball, 56, EV 91.2 MPH)
|
|
Batting: RHB Antonio Laurel
|
0-0: Called Strike 0-1: Foul Ball, location: 2F 0-2: Ball 1-2: Ball 2-2: Ball 3-2: Strikes out swinging
|
| Top of the 4th over - 0 runs, 0 hits, 0 errors, 0 left on base; Syracuse 0 - Iowa 0 |
| BOTTOM OF THE 4TH |
|
Iowa Cubs batting - Pitching for Syracuse Chiefs : LHP Peni Keli'i
|
|
Batting: RHB Frank Caulfield
|
0-0: Ball 1-0: Ground out 5-3 (Groundball, 56S, EV 78.8 MPH)
|
|
Batting: RHB Ryan Walker
|
0-0: Ball 1-0: Ball 2-0: Ball 3-0: Called Strike 3-1: Swinging Strike 3-2: Base on Balls
|
|
Batting: LHB Wing-tat Tai
|
0-0: Ground out U3 (Groundball, 34S, EV 60.6 MPH) Ryan Walker to second
|
|
Batting: LHB Mark Ingram
|
0-0: Called Strike 0-1: Called Strike 0-2: Foul Ball, location: 2F 0-2: Ball 1-2: Ground out 4-3 (Groundball, 4, EV 81.9 MPH)
|
| Bottom of the 4th over - 0 runs, 0 hits, 0 errors, 1 left on base; Syracuse 0 - Iowa 0 |
| TOP OF THE 5TH |
|
Syracuse Chiefs batting - Pitching for Iowa Cubs : LHP Jose Urena
|
|
Batting: LHB Jae-ik Soung
|
0-0: Ball 1-0: Foul Ball, location: 2F 1-1: Ball 2-1: Foul Ball, location: 2F 2-2: Ball 3-2: Base on Balls
|
|
Batting: RHB Ryan Hiemer
|
0-0: Ball 1-0: Called Strike 1-1: Called Strike 1-2: Foul Ball, location: 2F 1-2: Strikes out swinging
|
|
Batting: RHB Bobby Bricker
|
0-0: Called Strike 0-1: Ball 1-1: Fly out, F6 (Line Drive, 6, EV 70.6 MPH)
|
|
Batting: LHB Evan Oliveri
|
0-0: Called Strike 0-1: Ball 1-1: Called Strike 1-2: Fly out, F8 (Flyball, 8RD, EV 105.6 MPH)
|
| Top of the 5th over - 0 runs, 0 hits, 0 errors, 1 left on base; Syracuse 0 - Iowa 0 |
| BOTTOM OF THE 5TH |
|
Iowa Cubs batting - Pitching for Syracuse Chiefs : LHP Peni Keli'i
|
|
Batting: RHB Brad Santanello
|
0-0: Ball 1-0: Called Strike 1-1: SINGLE (Line Drive, 5D, EV 98.1 MPH)
|
|
Batting: LHB Angel Oropeza
|
0-0: Called Strike 0-1: Fielders Choice at 2nd, 4-6 (Groundball, 34, EV 85.0 MPH)
|
|
Batting: RHB Ricardo Aguinaga
|
0-0: Called Strike 0-1: Ball 1-1: Foul Ball, location: 2F 1-2: Ball 2-2: Foul Ball, location: 2F 2-2: Foul Ball, location: 2F 2-2: Foul Ball, location: 2F 2-2: Strikes out swinging
|
|
Batting: SHB Karl Starnes
|
0-0: Swinging Strike 0-1: Called Strike 0-2: Ball 1-2: Ball 2-2: Ball 3-2: Hit by Pitch Angel Oropeza to second
|
|
Batting: RHB Brian Gargis
|
0-0: Called Strike 0-1: Ball 1-1: Called Strike 1-2: Ball 2-2: Ball 3-2: Ground out 6-3 (Groundball, 6, EV 102.5 MPH)
|
| Bottom of the 5th over - 0 runs, 1 hit, 0 errors, 2 left on base; Syracuse 0 - Iowa 0 |
| TOP OF THE 6TH |
|
Syracuse Chiefs batting - Pitching for Iowa Cubs : LHP Jose Urena
|
|
Batting: RHB Dusty Ballard
|
0-0: Hit by Pitch
|
|
Batting: RHB Hisayuki Akiyama
|
0-0: Ball 1-0: Called Strike 1-1: Fly out, F9 (Flyball, 9LS, EV 96.2 MPH)
|
|
Pitching: LHP Bill Esten
|
|
|
Batting: LHB Alexis Cantu
|
0-0: Ball Dusty Ballard steals 2nd, throwing error, E2 Dusty Ballard to third 1-0: Fly out, F5 (Popup, 5F, EV 67.5 MPH)
|
|
Batting: RHB Stephen Charbonneau
|
0-0: Called Strike 0-1: Ball 1-1: Ball 2-1: Ball 3-1: Foul Ball, location: 2F 3-2: Foul Ball, location: 2F 3-2: Strikes out swinging
|
| Top of the 6th over - 0 runs, 0 hits, 1 error, 1 left on base; Syracuse 0 - Iowa 0 |
| BOTTOM OF THE 6TH |
|
Iowa Cubs batting - Pitching for Syracuse Chiefs : LHP Peni Keli'i
|
|
Batting: RHB Frank Caulfield
|
0-0: Ball 1-0: Foul Ball, location: 2F 1-1: Swinging Strike 1-2: Strikes out swinging
|
|
Batting: RHB Ryan Walker
|
0-0: Fly out, F8 (Line Drive, 8RM, EV 86.2 MPH)
|
|
Batting: LHB Wing-tat Tai
|
0-0: Ball 1-0: SINGLE (Groundball, 6D, EV 105.6 MPH)
|
|
Batting: LHB Mark Ingram
|
0-0: Ball 1-0: Foul Ball, location: 2F 1-1: Ball 2-1: Called Strike 2-2: Strikes out swinging
|
| Bottom of the 6th over - 0 runs, 1 hit, 0 errors, 1 left on base; Syracuse 0 - Iowa 0 |
| TOP OF THE 7TH |
|
Syracuse Chiefs batting - Pitching for Iowa Cubs : LHP Bill Esten
|
|
Batting: RHB Antonio Laurel
|
0-0: Ball 1-0: Called Strike 1-1: Foul Ball, location: 2F 1-2: Foul Ball, location: 2F 1-2: SINGLE (Groundball, 6MD, EV 96.2 MPH)
|
|
Batting: LHB Jae-ik Soung
|
0-0: Ball 1-0: Swinging Strike 1-1: Foul Ball, location: 2F 1-2: Strikes out swinging
|
|
Batting: RHB Ryan Hiemer
|
0-0: SINGLE (Groundball, 5S, EV 62.5 MPH) (infield hit) Antonio Laurel to second
|
|
Batting: RHB Bobby Bricker
|
0-0: Ground out 5-3 (Groundball, 56S, EV 65.0 MPH) Antonio Laurel to third Ryan Hiemer to second
|
|
Batting: LHB Evan Oliveri
|
0-0: Ball 1-0: Ball 2-0: Ball 3-0: Called Strike 3-1: SINGLE (Line Drive, 89S, EV 109.4 MPH) Antonio Laurel scores Ryan Hiemer to third
|
|
Batting: RHB Dusty Ballard
|
0-0: Ball 1-0: Ball 2-0: Ball 3-0: Base on Balls Evan Oliveri to second
|
|
Batting: RHB Hisayuki Akiyama
|
0-0: Swinging Strike 0-1: Foul Ball, location: 2F 0-2: Foul Ball, location: 2F 0-2: Ball 1-2: Strikes out swinging
|
| Top of the 7th over - 1 run, 3 hits, 0 errors, 3 left on base; Syracuse 1 - Iowa 0 |
| BOTTOM OF THE 7TH |
|
Iowa Cubs batting - Pitching for Syracuse Chiefs : LHP Peni Keli'i
|
|
Pitching: RHP Jason Beck
|
|
|
Batting: RHB Brad Santanello
|
0-0: Called Strike 0-1: Ball 1-1: Ball 2-1: SINGLE (Groundball, P, EV 86.9 MPH) (infield hit)
|
|
Batting: LHB Angel Oropeza
|
0-0: Called Strike 0-1: SINGLE (Line Drive, 4MD, EV 100.0 MPH) Brad Santanello to second
|
|
Batting: RHB Ricardo Aguinaga
|
0-0: Ball 1-0: Called Strike 1-1: Ball 2-1: SINGLE (Groundball, 56D, EV 100.6 MPH) (infield hit) Brad Santanello to third Angel Oropeza to second
|
|
Batting: SHB Karl Starnes
|
0-0: Ball 1-0: Foul Ball, location: 2F 1-1: Called Strike 1-2: Ball 2-2: Ball 3-2: Base on Balls Brad Santanello scores Angel Oropeza to third Ricardo Aguinaga to second
|
|
Batting: RHB Brian Gargis
|
0-0: Ball 1-0: Foul Ball, location: 2F 1-1: Ball 2-1: SINGLE (Groundball, 56D, EV 101.2 MPH) Angel Oropeza scores Ricardo Aguinaga to third Karl Starnes to second
|
|
Batting: RHB Frank Caulfield
|
0-0: Fly out, F8 (Flyball, 8LM, EV 77.5 MPH) Runner from 3rd tags up, OUT at HOME! 8-2 Karl Starnes to third Brian Gargis to second
|
|
Batting: RHB Ryan Walker
|
0-0: Foul Ball, location: 2F 0-1: Swinging Strike 0-2: Ground out 6-3 (Groundball, 56D, EV 111.2 MPH)
|
| Bottom of the 7th over - 2 runs, 4 hits, 0 errors, 2 left on base; Syracuse 1 - Iowa 2 |
| TOP OF THE 8TH |
|
Syracuse Chiefs batting - Pitching for Iowa Cubs : LHP Bill Esten
|
|
Pitching: RHP Nikita Eliseenko
|
|
|
Batting: LHB Alexis Cantu
|
0-0: Ball 1-0: Ball 2-0: Ball 3-0: Called Strike 3-1: Foul Ball, location: 2F 3-2: Base on Balls
|
|
Pinch Hitting: LHB Kevin Kantor
|
0-0: Ball 1-0: Ball 2-0: Fly out, F4 (Line Drive, 4, EV 64.4 MPH)
|
|
Batting: RHB Antonio Laurel
|
0-0: Foul Ball, location: 2F 0-1: Foul Ball, location: 2F 0-2: Ball 1-2: Ball 2-2: Ball 3-2: Foul Ball, location: 2F 3-2: Fielders Choice at 2nd, 4-6 (Groundball, 34S, EV 85.0 MPH)
|
|
Batting: LHB Jae-ik Soung
|
0-0: Called Strike 0-1: Called Strike 0-2: Strikes out swinging
|
| Top of the 8th over - 0 runs, 0 hits, 0 errors, 1 left on base; Syracuse 1 - Iowa 2 |
| BOTTOM OF THE 8TH |
|
Iowa Cubs batting - Pitching for Syracuse Chiefs : RHP Jason Beck
|
|
Now at 2B: Kevin Kantor
|
|
|
Batting: LHB Wing-tat Tai
|
0-0: Ball 1-0: Fly out, F7 (Flyball, 78S, EV 86.9 MPH)
|
|
Batting: LHB Mark Ingram
|
0-0: Called Strike 0-1: Foul Ball, location: 2F 0-2: Strikes out looking
|
|
Batting: RHB Brad Santanello
|
0-0: Ground out 3-1 (Groundball, 34, EV 107.5 MPH)
|
| Bottom of the 8th over - 0 runs, 0 hits, 0 errors, 0 left on base; Syracuse 1 - Iowa 2 |
| TOP OF THE 9TH |
|
Syracuse Chiefs batting - Pitching for Iowa Cubs : RHP Nikita Eliseenko
|
|
Pitching: RHP Carlos Dominguez
|
|
|
Batting: RHB Ryan Hiemer
|
0-0: Called Strike 0-1: Called Strike 0-2: Ball 1-2: Ball 2-2: Fly out, F8 (Flyball, 89M, EV 83.1 MPH)
|
|
Pinch Hitting: LHB Chris Williams
|
0-0: Ball 1-0: Ground out 5-3 (Groundball, 5, EV 83.8 MPH)
|
|
Batting: LHB Evan Oliveri
|
0-0: Called Strike 0-1: Ball 1-1: Bunted foul 1-2: Ball 2-2: Strikes out looking
|
| Top of the 9th over - 0 runs, 0 hits, 0 errors, 0 left on base; Syracuse 1 - Iowa 2 |
|